 Dungeon Crawl Stone Soup version 0.21.1-1-g345015f (webtiles) character file.

492 mike2R the Conjurer (level 6, -1/45 HPs)
             Began as a Draconian Conjurer on Mar 31, 2018.
             Was an Initiate of Cheibriados.
             Killed from afar by Edmund (13 damage)
             ... with a wand of flame (9)
             ... on level 3 of the Dungeon on Apr 18, 2018.
             The game lasted 00:28:18 (4301 turns).

mike2R the Conjurer (Draconian Conjurer)            Turns: 4301, Time: 00:28:19

Health: -1/45      AC:  6    Str: 12    XL:     6   Next: 91%
Magic:  2/12       EV: 12    Int: 18    God:    Cheibriados [......]
Gold:   188        SH:  0    Dex: 12    Spells: 0/14 levels left

rFire    . . .     SeeInvis .   q - +0 flail
rCold    . . .     Gourm    .   (no shield)
rNeg     . . .     Faith    +   (armour unavailable)
rPois    .         Spirit   .   (helmet restricted)
rElec    .         Reflect  .   (no cloak)
rCorr    +         Harm     .   (no gloves)
MR       .....                  (no boots)
Stlth    ++........             f - amulet of faith
HPRegen  0.15/turn              j - ring of resist corrosion
MPRegen  0.13/turn              (no ring)

@: very slow
A: unfitting armour, cold-blooded, AC +6
a: Bend Time, Renounce Religion


You were on level 3 of the Dungeon.
You worshipped Cheibriados.
Cheibriados was noncommittal.
You were not hungry.

You visited 1 branch of the dungeon, and saw 4 of its levels.

You collected 188 gold pieces.

Inventory:

Hand Weapons
 q - a +0 flail (weapon)
Missiles
 g - 178 stones (quivered)
Jewellery
 f - an amulet of faith (around neck)
 j - a ring of resist corrosion (left hand)
 k - an uncursed ring of ice
Scrolls
 c - a scroll of fear {unknown}
 h - a scroll of enchant armour {unknown}
 i - 2 scrolls of random uselessness {unknown}
 l - 2 scrolls of enchant weapon {unknown}
 o - 2 scrolls of remove curse {unknown}
 p - a scroll of amnesia {unknown}
 r - a scroll of identify {unknown}
 t - a scroll of fog {unknown}
Potions
 d - a potion of mutation {unknown}
 e - a potion of heal wounds
 m - a potion of curing
 n - a potion of brilliance {unknown}
 s - a potion of degeneration {unknown}
Books
 a - a book of Conjurations

   Spells                             Type                      Level
   a - Magic Dart                     Conjuration                  1
   b - Searing Ray                    Conjuration                  2
   c - Dazzling Spray                 Conjuration/Hexes            3
   d - Fulminant Prism                Conjuration/Hexes            4
   e - Force Lance                    Conjuration/Translocation    4
   f - Iskenderun's Mystic Blast      Conjuration                  4
 u - a book of Callings

   Spells                             Type                      Level
   a - Summon Small Mammal            Summoning                    1
   b - Call Imp                       Summoning                    2
   c - Call Canine Familiar           Summoning                    3
   d - Summon Guardian Golem          Hexes/Summoning              3
   e - Summon Lightning Spire         Summoning/Air                4
   f - Summon Ice Beast               Ice/Summoning                4
Comestibles
 b - 8 rations


   Skills:
 - Level 1.7 Dodging
 - Level 1.7 Stealth
 - Level 4.5 Spellcasting
 - Level 5.8 Conjurations
 + Level 3.2 Hexes


You couldn't memorise any spells.
You knew the following spells:

 Your Spells              Type           Power        Failure   Level  Hunger
a - Magic Dart            Conj           ####         1%          1    None
b - Searing Ray           Conj           ####..       1%          2    #......
c - Dazzling Spray        Conj/Hex       ###...       6%          3    ###....
d - Iskenderun's Mystic   Conj           ####....     12%         4    ####...
e - Fulminant Prism       Conj/Hex       ###.......   22%         4    ####...


Dungeon Overview and Level Annotations

Branches:
Dungeon (4/15)
 Temple: D:4-7

Altars:
Cheibriados

Annotations:
D:3 Edmund


Innate Abilities, Weirdness & Mutations

Your plain brown scales are hard. (AC +6)
You cannot fit into any form of body armour.
You are cold-blooded and may be slowed by cold attacks.


Message History

Cheibriados lowers the support of your attributes as your movement quickens.
Edmund hits you with a dire flail of protection.
You hit Edmund.
Edmund is lightly wounded.
Edmund hits you with a dire flail of protection!
Edmund zaps a wand.
The puff of flame hits you!
* * * LOW HITPOINT WARNING * * *
Edmund zaps a wand.
The puff of flame hits you!
* * * LOW HITPOINT WARNING * * *
There is an open door here.
You close the door.
Edmund opens the door.
There is an open door here.
Edmund says, "People think my brother is the best.
I think he's crazy."
Edmund closely misses you. The flow of time bends around you.
Cheibriados rebukes Edmund.
Edmund seems to slow down.
You feel slightly more hungry.
Edmund zaps a wand.
The puff of flame hits you!
You die...

#.# #.# #......# #.....#.#
###.#####.# #.####.######.....#.#
.......##.# #.#.##.#............#
###.##.##.# #....#.#.####.#...#.#
# #.##.##.# #........# #.##)##)#
# #.#####.# #..<.#.### #.##.##.#
#...##..# #.#.##.# #.......#
######### #.#.##.# ####'####
###.## #.(.@.@#### ##...##
##..[.# ##.#......# ##.....##
##..#.## #...#.##.###.......#
###...###########...#.##.........
.....[##...............'.........
###...###########...#.##.........
##..# ##.##.###.......# ##.#
#######.# ##.....## #.# #.......#
##...##


You could see Edmund.

Vanquished Creatures
  Sigmund (D:3)
  Eustachio (D:4)
  A hound (D:3)
  A hound skeleton (D:2)
  A howler monkey skeleton (D:4)
  4 adders
  3 worms
  2 dart slugs
  4 leopard geckos
  5 orcs (D:3)
  3 giant cockroaches (D:3)
  6 goblins
  7 hobgoblins
  12 jackals
  13 kobolds
  A quokka (D:3)
  2 bats (D:1)
  3 frilled lizards
  9 rats
79 creatures vanquished.

Vanquished Creatures (others)
  2 fulminant prisms (D:4)
2 creatures vanquished.

Grand Total: 81 creatures vanquished

Notes
Turn   | Place    | Note
-------+----------+-------------------------------------------
     0 | D:1      | mike2R the Draconian Conjurer began the quest for the Orb.
     0 | D:1      | Reached XP level 1. HP: 14/14 MP: 3/3
   263 | D:1      | Reached XP level 2. HP: 19/20 MP: 0/5
   314 | D:1      | Learned a level 2 spell: Searing Ray
  1249 | D:2      | Reached XP level 3. HP: 26/26 MP: 2/7
  1254 | D:2      | Learned a level 3 spell: Dazzling Spray
  2102 | D:2      | Reached XP level 4. HP: 33/33 MP: 5/8
  2213 | D:3      | Noticed Sigmund
  2218 | D:3      | Killed Sigmund
  2218 | D:3      | Reached skill level 5 in Conjurations
  2218 | D:3      | Reached XP level 5. HP: 31/38 MP: 1/11
  2302 | D:2      | Learned a level 4 spell: Iskenderun's Mystic Blast
  2907 | D:3      | Reached XP level 6. HP: 44/45 MP: 12/12
  2920 | D:3      | Found a snail-covered altar of Cheibriados.
  2988 | D:3      | Became a worshipper of Cheibriados the Contemplative
  3668 | D:3      | Reached * piety under Cheibriados
  3807 | D:3      | Learned a level 4 spell: Fulminant Prism
  3931 | D:4      | Noticed Eustachio
  4063 | D:4      | Killed Eustachio
  4215 | D:4      | Noticed Edmund
  4301 | D:3      | Killed from afar by Edmund

Skill      XL: |  1  2  3  4  5  6 |
---------------+-------------------+-----
Spellcasting   | 3 4 |  4.5
Conjurations   | 5 |  5.8
Hexes          | 3 |  3.2
Dodging        | |  1.7
Stealth        | |  1.7

Action                   |  1- 3 |  4- 6 || total
-------------------------+-------+-------++-------
Melee: Unarmed           |     2 |       ||     2
       Club              |    35 |       ||    35
       Tailslap          |     3 |     7 ||    10
       Flail             |       |    66 ||    66
Throw: Stone             |     4 |       ||     4
 Cast: Magic Dart        |    62 |    50 ||   112
       Searing Ray       |     3 |     7 ||    10
       Dazzling Spray    |       |     1 ||     1
       Iskenderun's Myst |       |     2 ||     2
       Fulminant Prism   |       |     2 ||     2
Invok: Bend Time         |       |     5 ||     5
  Use: Potion            |       |     2 ||     2
 Stab: Sleeping          |       |     1 ||     1
  Eat: Chunk             |     4 |     6 ||    10
       Ration            |       |     1 ||     1
Armor: Skin              |    11 |    32 ||    43
Dodge: Dodged            |    30 |    75 ||   105
